Cogmind - Beta 14 @@@ ROGUE MODE // 2024.10.26 @ 12:11:45 Player: zeyvai Result: Destroyed by VO-746(R) with Subdweller Machine Gun Performance ------------- Evolutions (0) 0 Regions Visited (2) 400 Robots Destroyed (13) 65 Value Destroyed (275) 275 Prototype IDs (0) 0 Alien Tech Used (0) 0 Bonus (0) 0 TOTAL SCORE: 740 Bonus ------- None Cogmind --------- Core Integrity 0/250 Matter 300/300 Energy 90/100 System Corruption 0% Temperature Cool (0) Movement Core (50) Location -10/Subcaves Parts ------- > --- POWER (1) -------- (None) > --- PROPULSION (2) --- (None) > --- UTILITY (2) ------ ECM Suite > --- WEAPON (2) ------- (None) > --- INVENTORY (5) ---- Sensor Array Sensor Array Scrap Shield Particle Gun Peak State ------------ > --- POWER ------------ Ion Engine > --- PROPULSION ------- Hover Unit Hover Unit > --- UTILITY ---------- Small Storage Unit Seismic Detector > --- WEAPON ----------- Particle Gun Assault Rifle > --- INVENTORY -------- Ion Engine Aluminum Leg Aluminum Leg Wheel Compact Wheel Particle Gun Particle Gun Grenade Launcher [Rating: 9] Favorites ----------- Power Ion Engine Engine Ion Engine Propulsion Light Treads Treads Light Treads Hover Unit Hover Unit Flight Unit Flight Unit Utility Small Storage Unit Device ECM Suite Storage Small Storage Unit Weapon Particle Gun Energy Gun Particle Gun Ballistic Gun Assault Rifle Launcher Grenade Launcher Build | -11 -10 -10 ------- Run | Yrd Mat Sub Slots Evolved . | . . . Power . | . . . Propulsion . | . . . Utility . | . . . Weapon . | . . . Parts Attached 20 | 6 14 . Power 2 | 1 1 . Engine 2 | 1 1 . Core . | . . . Reactor . | . . . Propulsion 8 | 2 6 . Treads 2 | 2 . . Leg . | . . . Wheel . | . . . Hover 2 | . 2 . Flight 4 | . 4 . Utility 5 | 1 4 . Device 4 | . 4 . Storage 1 | 1 . . Processor . | . . . Hackware . | . . . Protection . | . . . Artifact . | . . . Weapon 5 | 2 3 . Energy Gun 3 | 1 2 . Energy Cannon . | . . . Ballistic Gun 1 | 1 . . Ballistic Cannon . | . . . Launcher 1 | . 1 . Special Weapon . | . . . Impact Weapon . | . . . Slashing Weapon . | . . . Piercing Weapon . | . . . Special Melee Weapon . | . . . Unidentified Prototypes . | . . . Parts Lost 8 | . 4 4 Power 1 | . . 1 Propulsion 4 | . 2 2 Utility 1 | . 1 . Weapon 2 | . 1 1 Highest Loss Streak 4 | . 4 4 To Critical Strikes . | . . . Average Slot Usage (%) 72 | . 73 62 Engine 13 | . 14 11 Treads 8 | . 9 . Hover 3 | . 3 . Flight 9 | . 8 22 Device 8 | . 8 14 Storage 5 | . 5 . Energy Gun 14 | . 14 14 Ballistic Gun 5 | . 5 . Launcher 3 | . 4 . Peak Build Rating 9 | 6 9 6 Average Rating 6 | 4 6 5 On Entrance 4 | . 6 6 Naked Turns . | . . . Heaviest Build 15 | 14 15 8 Greatest Support 40 | 40 40 8 Greatest Overweight (x) 2 | . 2 . Average Overweight (x) . | . . . Largest Inventory Capacity 8 | 8 8 5 Average Capacity 6 | 6 6 5 Most Carried 8 | 6 8 5 Average Carried 5 | 3 5 4 Final Capacity 8 | 8 5 5 Final Carried 6 | 6 5 5 Class Distribution -------------------- 100% | Mutant Dominant Class ---------------- Mutant | -10/Materials Mutant | -10/Subcaves Resources | -11 -10 -10 ----------- Run | Yrd Mat Sub Matter Collected 443 | 205 155 83 Remotely . | . . . Salvage Created 228 | . 194 34 Parts 23 | . 21 2 Haulers Intercepted . | . . . Recyclers Shooed . | . . . Parts Field Recycled . | . . . Retrieved Matter . | . . . Parts Self-Destructed . | . . . Prevented . | . . . Kills | -11 -10 -10 ------- Run | Yrd Mat Sub Combat Hostiles Destroyed 9 | . 8 1 Guns 7 | . 6 1 AOE 2 | . 2 . Classes Destroyed 6 | . 5 1 Builder 1 | . 1 . Operator 2 | . 2 . Watcher 1 | . 1 . Swarmer 5 | . 5 . Grunt 3 | . 3 . Subdweller 1 | . . 1 Best Kill Streak 4 | . 4 1 Combat Bots Only 3 | . 3 1 Max Kills in Single Turn 2 | . 2 1 Gunslinging 1 | . 1 . Exploded 2 | . 2 . Melee . | . . . Uniques/NPCs Destroyed . | . . . Combat | -11 -10 -10 -------- Run | Yrd Mat Sub Hostile Shots Fired 62 | . 51 11 Missed 17 | . 14 3 Damage Taken 710 | . 549 161 Core 258 | . 208 50 Absorbed by Shields . | . . . Core Remaining (%) 100 | 100 . . Volleys Fired 44 | . 39 5 Largest 2 | . 2 1 Hottest 95 | . 95 65 Shots Fired 54 | . 49 5 Gun 50 | . 45 5 Cannon . | . . . Launcher 4 | . 4 . Special . | . . . Kinetic 11 | . 11 . Thermal 39 | . 34 5 Explosive 4 | . 4 . Electromagnetic . | . . . Robot Hit Streak 6 | . 6 3 Robot Miss Streak 4 | . 4 2 Penetration Max . | . . . Secondary Targets 1 | . 1 . Max Gunslinging Chain 1 | . 1 . Shots Hit Robots 31 | . 28 3 Core Hits 17 | . 15 2 Critical Kills . | . . . Critical Parts Destroyed . | . . . Critical Strikes 1 | . 1 . Burn 1 | . 1 . Melee Attacks . | . . . Impact . | . . . Slashing . | . . . Piercing . | . . . Sneak Attacks . | . . . Combat Hostiles . | . . . Follow-up Attacks . | . . . Damage Inflicted 589 | . 530 59 Guns 430 | . 371 59 Cannons . | . . . Explosions 159 | . 159 . Melee . | . . . Ramming . | . . . Kinetic 83 | . 83 . Thermal 347 | . 288 59 Explosive 159 | . 159 . Electromagnetic . | . . . Impact . | . . . Slashing . | . . . Piercing . | . . . Highest Corruption . | . . . Average Corruption . | . . . Corruption Purged . | . . . Corruption Blocked . | . . . Overload Shots . | . . . Overflow Damage 80 | . 80 . Projectiles . | . . . Explosions 80 | . 80 . Melee . | . . . Knockbacks . | . . . Impact . | . . . Kinetic . | . . . Secondary . | . . . Self-Inflicted Damage 189 | . 189 . Shots 3 | . 3 . Rammed . | . . . Targets Rammed . | . . . Kicked . | . . . Crushed . | . . . Highest Temperature 347 | . 347 . Average Temperature 123 | . 123 . Received Heat Transfer 120 | . 120 . Effects 1 | . 1 . Energy Bleed 1 | . 1 . Siege Activations . | . . . Robots Corrupted . | . . . Combat Hostiles . | . . . Parts Fried . | . . . Impact Corruptions . | . . . Robots Melted . | . . . Combat Hostiles . | . . . Parts Melted 3 | . 2 1 Heat Transferred 962 | . 814 148 Parts Sabotaged . | . . . Parts Stolen . | . . . Parts Stripped . | . . . Power Chain Reactions . | . . . Alert | -11 -10 -10 ------- Run | Yrd Mat Sub Peak Influence 182 | . 182 . Initial . | . . . Average 72 | . 82 . Maximum Alert Level . | . . . Low Security (%) 100 | 100 100 . Level 1 . | . . . Level 2 . | . . . Level 3 . | . . . Level 4 . | . . . Level 5 . | . . . High Security . | . . . Max Security . | . . . Squads Dispatched 3 | . 3 . Investigation 1 | . 1 . Extermination . | . . . Reinforcement 2 | . 2 . Assault . | . . . Garrison . | . . . Intercept . | . . . Searches Triggered . | . . . Construction Impeded . | . . . Haulers Reinforced . | . . . Active Scanning Responses . | . . . Cargo Convoy Interrupts . | . . . Stealth | -11 -10 -10 --------- Run | Yrd Mat Sub Distress Signals 1 | . 1 . Communications Jammed . | . . . Distress Signals . | . . . Times Spotted 21 | . 15 6 Peak Tracking Total 5 | . 4 5 Tactical Retreats . | . . . Traps | -11 -10 -10 ------- Run | Yrd Mat Sub Traps Triggered . | . . . Indirectly . | . . . Trap Hack Attempts . | . . . Triggered . | . . . Disarmed 4 | . 4 . Reprogrammed . | . . . Reused . | . . . Traps Extracted . | . . . Installed . | . . . Triggered . | . . . Machines | -11 -10 -10 ---------- Run | Yrd Mat Sub Machines Disabled 3 | . 3 . Max in Single Turn 2 | . 2 . Machines Repaired . | . . . Machines Dismantled . | . . . Machines Sabotaged . | . . . Overloaded Fab Kills . | . . . Hacking | -11 -10 -10 --------- Run | Yrd Mat Sub Machines Accessed 7 | . 7 . Terminals 5 | . 5 . Fabricators . | . . . Repair Stations . | . . . Recycling Units 2 | . 2 . Scanalyzers . | . . . Garrison Access . | . . . Total Hacks 17 | . 17 . Successful 9 | . 9 . Failed 8 | . 8 . Catastrophic . | . . . Database Lockouts . | . . . Manual . | . . . Terminals 15 | . 15 . Fabricators . | . . . Repair Stations . | . . . Recycling Units 2 | . 2 . Scanalyzers . | . . . Garrison Access . | . . . Terminal Hacks 7 | . 7 . Record 1 | . 1 . Recycling Unit Index 1 | . 1 . Alert Level 1 | . 1 . Unreport Threat 1 | . 1 . Locate Traps 2 | . 2 . Disarm Traps 1 | . 1 . Fabricator Hacks . | . . . Repair Station Hacks . | . . . Recycling Unit Hacks 2 | . 2 . Report Inventory 1 | . 1 . Retrieve Components 1 | . 1 . Scanalyzer . | . . . Garrison Access Hacks . | . . . Unauthorized Hacks . | . . . Terminals . | . . . Fabricators . | . . . Repair Stations . | . . . Recycling Units . | . . . Scanalyzers . | . . . Garrison Access . | . . . Data Cores Recovered . | . . . Used . | . . . Hacking Detections 5 | . 5 . Full Trace Events 2 | . 2 . Feedback Events . | . . . Feedback Blocked . | . . . Robot Schematics Acquired . | . . . Robots Built . | . . . Authchips . | . . . Time . | . . . Total Robot Build Rating . | . . . Part Schematics Acquired . | . . . Parts Built . | . . . Authchips . | . . . Time . | . . . Total Part Build Rating . | . . . Parts Repaired . | . . . Time . | . . . Parts Recycled . | . . . Recycled Matter . | . . . Retrieved Matter . | . . . Retrieved Components 10 | . 10 . Parts Scanalyzed . | . . . Part Schematics Acquired . | . . . Parts Damaged . | . . . Bothacking | -11 -10 -10 ------------ Run | Yrd Mat Sub Used RIF Installer . | . . . Robots Hacked . | . . . Non-combat . | . . . Combat . | . . . Robot Hacks Applied . | . . . Relay Couplers Released . | . . . Fabnet Peak Effective % . | . . . Robots Rewired . | . . . Allies Hacked . | . . . Hacks Repelled . | . . . Allies | -11 -10 -10 -------- Run | Yrd Mat Sub Total Allies . | . . . Largest Group . | . . . Highest-Rated Group . | . . . Highest-Rated Ally . | . . . Total Orders . | . . . Ally Attacks . | . . . Total Damage . | . . . Kills . | . . . Allies Corrupted . | . . . Allies Melted . | . . . Intel | -11 -10 -10 ------- Run | Yrd Mat Sub Robot Analysis Total . | . . . Derelict Logs Recovered 1 | . . 1 Drone Launches . | . . . Drone Recoveries . | . . . Exploration | -11 -10 -10 ------------- Run | Yrd Mat Sub Turns Passed 961 | 112 800 49 Spaces Moved 774 | 59 617 98 Core 129 | 3 126 . Treads 196 | 56 140 . Legs . | . . . Wheels . | . . . Hover 74 | . 74 . Flight 375 | . 277 98 Fastest Speed 37 | 50 37 37 Average Speed 104 | 154 110 37 Slowest Speed 200 | 160 200 37 Overloaded Moves . | . . . Propulsion Burnouts . | . . . Robots Hopped . | . . . Cave-ins Triggered . | . . . Exploration Rate (%) 31 | 4 77 12 Regions Visited 2 Branch Regions 1 Pre-discovered Areas . | . . . Known Exits Taken . | . . . Unknown Exits Taken 2 | 1 1 . Scrap Searched . | . . . Spaces Dug . | . . . Terrain Destroyed 70 | . 70 . Melee . | . . . Projectile . | . . . AOE 70 | . 70 . Terrain Rammed . | . . . Walls Destroyed . | . . . Machines Disabled . | . . . Actions | -11 -10 -10 --------- Run | Yrd Mat Sub Total 871 | 78 686 107 Wait 10 | 7 2 1 Move 772 | 58 616 98 Hop . | . . . Pick Up 15 | 7 7 1 Fast Attach 10 | 5 5 . Attach 1 | 1 . . Detach 1 | . 1 . Swap 9 | . 9 . Drop 9 | . 7 2 Fire 44 | . 39 5 Melee . | . . . Ram . | . . . Kick . | . . . Crush . | . . . Escape Stasis . | . . . Rewire . | . . . Trap . | . . . Miscellaneous . | . . . Route ------- -11/Scrapyard -10/Materials (discovered 4 exits: [*Mat x3] / [*Sub]) -10/Subcaves (discovered 1 exit: [*Mat]) History --------- Turn | Location | Event 57 | -11/Scrapyard | Discovered new exit (range 15) 113 | -11/Scrapyard | Entered Materials 301 | -10/Materials | Discovered new exit (range 6) 327 | -10/Materials | Build established: Mutant 438 | -10/Materials | Discovered new exit (range 3) 571 | -10/Materials | Discovered new exit (range 16) 652 | -10/Materials | Core integrity fell below 50% 682 | -10/Materials | Lost 4 parts (2n1u1w) 713 | -10/Materials | Core integrity fell below 20% 905 | -10/Materials | Discovered new exit (range 8) 913 | -10/Materials | Entered Subcaves 915 | -10/Subcaves | Learned location of 1 exit from Materials 924 | -10/Subcaves | Discovered new exit (range 13) 952 | -10/Subcaves | Ambushed by swarm of Subdwellers 962 | -10/Subcaves | Destroyed by VO-746(R) with Subdweller Machine Gun Last Messages --------------- Dropped Ion Engine. Dropped Particle Gun. Acquired Scrap Shield. A mess of Twisted Machinery falls from the cavern ceiling. VO-746(R) comes tumbling into view. 5B-H3E(g): "Sorry we're late! Had another grouchy Sub to deal with. Who's the new fellow?" Flight Unit destroyed. WJ-IO6(R) emerges from the Twisted Machinery. T2-32W(R) emerges from the Twisted Machinery. JR-SSR(R) emerges from the Twisted Machinery. Flight Unit destroyed. XQ-8W7(R) emerges from the Twisted Machinery. Sub. Power Source melted. T2-32W(R) destroyed. Lgt. Ion Engine destroyed. ZH-255(R) emerges from the Twisted Machinery. Particle Gun destroyed. Map ----- +----------------------------------------------------+ | ?????????????????????????????????????????????????? | | ?????????????????????????????????????????????????? | | ?????????????????????????????????????????????????? | | ?????????????????????????????????????????????????? | | ?????????????????????????????????????????????????? | | ?????????????????????????????????????????????????? | | ?????????????????????????????????????????????????? | | ?????????????????????????????????????????????????? | | ?????????????????????????????????????????????????? | | ?????????????????????????????????????????????????? | | ?????????????????????????????????????????????????? | | ?????????????????????????????????######??????????? | | ????????????????????????????????## ##?????????? | | ????????????????????????????????# #?????????? | | ????????????????????????????????# ##????????? | | ?????????????????????####??????## ##???????? | | ??????????????????#### #?????# #???????? | | ??????????????????# #????# #???????? | | ???????????????????# ##???# ######### | | ????????????????????# #????# ## ## | | ?????????????????????? #???## | | ???????????????????????# #??## g | | ???????????????????????# #### g ## #### ## | | ???????????????????????# g #####??####? | | ????????????????# ## ##??????????? | | ??????????# @[R # ###???????????? | | ???????????# !RR # ##?????????????? | | ?????????????## RR" #??????????????? | | ??????????????## ####"" # #??????????????? | | ???????????????## ?????## # #??????????????? | | ????????????????# ???????### #?????????????? | | ????????????????# ?????????? ##?????????????? | | ????????????????# ???????????# ##??????????????? | | ????????????????????????????? ##???????????????? | | ????????????????????????????## ????????????????? | | ?????????????????????????????# ????????????????? | | ?????????????????????????????# #???????????????? | | ?????????????????????????????? #???????????????? | | ?????????????????????????????? #???????????????? | | ?????????????????????????????? #????????????????? | | ?????????????????????????????????????????????????? | | ?????????????????????????????????????????????????? | | ?????????????????????????????????????????????????? | | ?????????????????????????????????????????????????? | | ?????????????????????????????????????????????????? | | ?????????????????????????????????????????????????? | | ?????????????????????????????????????????????????? | | ?????????????????????????????????????????????????? | | ?????????????????????????????????????????????????? | | ?????????????????????????????????????????????????? | +----------------------------------------------------+ Best States ------------- Heat Dissipation 25 Energy Generation 10 Energy Capacity 250 Matter Stores 300 Matter Capacity 300 Sight Range 16 Robot Scan Range 14 Terrain Scan Density 10 ECM Strength 1 Evasion (%) 62 Recoil Reduction 2 Item Schematics ----------------- None Robot Schematics ------------------ None Fabricated ------------ Nothing Alien Tech Used ----------------- None Achievements -------------- None Challenges ------------ None Game ------ Seed MagneticEnhancedGreatsword Manual? 0 Play Time 00:09:24 Cumulative 48.0 hours Start 2024.10.26 @ 12:03:20 End 2024.10.26 @ 12:11:45 Sessions 1 Manual Loads 0 Difficulty Rogue Special Mode None Game No. 49 Rogue 42 Adventurer 5 Explorer 2 Win Type - Total 0 Types 0/0/0/0/0/0/0/0/0 Lore% 20 Gallery% 36 Achievement% 27 Wizard Run 0 Options --------- Layout 1 ASCII 0 Keyboard 0 Movement Mouse Keybinds 0 Fullscreen 0 Font 28/X11 Map View 50x35 Zoom Use 0% Tactical HUD 0 Map Filters NONE Filters NONE Steam 1 RUN: 44716634-613a-4600-85f4-8ca56f81faf7